 Dungeon Crawl Stone Soup version 0.31.0-11-ge490571c62 (webtiles) character file.

Game seed: 989636038918461320

14 Silvore the Trooper (level 2, 0/2 HPs)
             Began as a Demonspawn Fighter on Feb 9, 2024.
             Slain by a goblin
             ... wielding a +0 club
              (2 damage)
             ... on level 1 of the Dungeon.
             The game lasted 00:01:21 (290 turns).

Silvore the Trooper (Demonspawn Fighter)             Turns: 290, Time: 00:01:22

Health: 0/2        AC:  0    Str: 16    XL:     2   Next: 31%
Magic:  2/2        EV:  9    Int:  8    God:
Gold:   18         SH:  0    Dex: 12    Spells: 1/1 levels left

rFire   . . .        a - melded +0 long sword
rCold   . . .        c - melded +0 buckler
rNeg    . . .        b - +0 scale mail
rPois   .            (no helmet)
rElec   .            (no cloak)
rCorr   .            (gloves currently unavailable)
SInv    .            (no boots)
Will    .....        (no amulet) Stlth
                     (no ring)
HPRegen 0.20/turn    (no ring)
MPRegen 0.08/turn

%: no passive effects
@: blade hands
A: reduced hp, ignite blood 1
a: Begin Untransformation


You were on level 1 of the Dungeon.
You had blades for hands.
You visited 1 branch of the dungeon, and saw 1 of its levels.

You collected 18 gold pieces.

Inventory:

Hand Weapons
 a - a +0 long sword (melded)
Armour
 b - a +0 scale mail (worn)
 c - a +0 buckler (melded)
Talismans
 g - a blade talisman (active)
Scrolls
 e - a scroll of fear {unknown}
Potions
 d - a potion of might
 f - a potion of curing {unknown}


   Skills:
 + Level 3.1 Fighting
 + Level 2.2 Long Blades
 + Level 2.9 Armour
 + Level 0.1 Dodging
 + Level 2.8 Shields


You had one spell level left.
You didn't know any spells.
Your spell library was empty.

Dungeon Overview and Level Annotations

Branches:
Dungeon (1/15)

Altars:


Innate Abilities, Weirdness & Mutations

You have blades for hands.
Your maximum health is decreased, since you lack skill for your form.
You are incapable of wielding weapons or throwing items.
Your demonic aura sometimes causes spilled blood to erupt in flames.


Message History

The dart slug bites you but does no damage.
You slash the dart slug!
You kill the dart slug!
You closely miss the goblin. The goblin barely misses you.
You closely miss the goblin. The goblin hits you but does no damage.
You block the goblin's attack.
You hit the goblin.
You kill the goblin!
Things that are here:
a +0 club; a dart slug corpse A bat comes into view.
You see here a blade talisman.
g - a blade talisman Hit: a) +0 long sword
Press: ? - help, Dir - move target, f - bat
Aim: a bat (about 58% to evade your +0 long sword)
Okay, then.
You slash the bat!
You kill the bat!
Found an Everburning Encyclopedia.
Okay, then.
You are a level 2 Demonspawn Fighter.
You are 31% of the way to level 3.
Play time: 00:01:16 (270 turns).
Zot will find you in 5713 turns if you stay in this branch and explore no new floors.
You begin transforming.
You continue transforming. x3
Your hands turn into razor-sharp scythe blades.
Your +0 long sword melds into your body.
Your +0 buckler melds into your body.
You now have 18 gold pieces (gained 9).
A goblin comes into view. It is wielding a +0 club.
Found 5 poisoned darts.
The goblin shouts!
A rat comes into view.
The goblin moves out of view.
A rat is nearby!
Found a fuming dark potion.
The rat squeaks loudly.
The goblin hits you with a +0 club.
Ouch! That really hurt!
You die...

###########
#.........######
#..............##
#....####.###...###
######................!.
......>........#.....###
######...####...@.......
......)........rg....##.
######...###.##....:.#
### #.......###.....#
..# #.#.###.# #..##(#
..####........ ..## .#
.............# ### #
..######.###.# ..# #.#
#.#


You could see a goblin and a rat.

Vanquished Creatures
  A dart slug (D:1)
  A goblin (D:1)
  3 hobgoblins (D:1)
  A kobold (D:1)
  4 bats (D:1)
  2 frilled lizards (D:1)
  A rat (D:1)
13 creatures vanquished.

Notes
Turn   | Place    | Note
-------+----------+-------------------------------------------
     0 | D:1      | Silvore the Demonspawn Fighter began the quest for the Orb.
     0 | D:1      | Reached XP level 1. HP: 18/18 MP: 1/1
   217 | D:1      | Gained mutation: Your demonic aura sometimes causes spilled
                  | blood to erupt in flames. [demonic ancestry]
   217 | D:1      | Reached XP level 2. HP: 22/24 MP: 2/2
   290 | D:1      | Slain by a goblin

Illustrated notes

Levels and vault maps discovered:
D:1:      amcnicky_arrival_wind_blow, layout_loops_ring, minmay_pentomino_w4

Skill      XL: |  1 |
---------------+----+-----
Long Blades    | 2 |  2.2
Fighting       | |  3.1
Armour         | |  2.9
Dodging        | |  0.1
Shields        | |  2.8

Action                     || total
---------------------------++-------
  Melee: Long sword        ||    49
 Armour: Scale mail        ||    61
  Dodge: Dodged            ||    32
  Block: Buckler           ||    14
   Form: Blade             ||     1
